 Dungeon Crawl Stone Soup version 0.13.0-25-g43d4df3 (webtiles) character file.

1221 MackTheKnife the Basher (level 8, -3/85 HPs)
             Began as an Ogre Berserker on Oct 29, 2013.
             Was an Elder of Trog.
             Slain by a yak (9 damage)
             ... on Level 6 of the Dungeon.
             The game lasted 00:10:02 (5664 turns).

MackTheKnife the Basher (Ogre Berserker)            Turns: 5664, Time: 00:10:03

HP  -3/85        AC  4     Str 23      XL: 8   Next: 38%
MP   7/7         EV 15     Int  6      God: Trog [****..]
Gold 73          SH  0     Dex 11      Spells:  0 memorised,  7 levels left

Res.Fire  : . . .   See Invis. : .   w - +2,+3 orc morningstar
Res.Cold  : . . .   Warding    : .   b - +0 animal skin
Life Prot.: . . .   Conserve   : .   (shield restricted)
Res.Poison: .       Res.Corr.  : .   (helmet restricted)
Res.Elec. : .       Clarity    : .   y - +0 cloak (curse)
Sust.Abil.: . .     Spirit.Shd : .   (gloves unavailable)
Res.Mut.  : .       Stasis     : .   (boots unavailable)
Res.Rott. : .       Flight     : .   (no amulet)
Saprovore : + . .                    (no ring)
                                     v - +5 ring of evasion

@: exhausted, slowed, very slow, somewhat resistant to hostile enchantments,
unstealthy
A: unfitting armour, fast metabolism 1, saprovore 1, tough skin 1
a: Burn Spellbooks, Berserk, Trog's Hand, Brothers in Arms, Renounce Religion


You were on level 6 of the Dungeon.
You worshipped Trog.
Trog was greatly pleased with you.
You were near starving.

You visited 2 branches of the dungeon, and saw 7 of its levels.

You collected 221 gold pieces.
You spent 168 gold pieces at shops.

Inventory:

Hand weapons
 w - a +2,+3 orcish morningstar (weapon)
Missiles
 n - a stone (quivered)
Armour
 b - a +0 animal skin (worn)
 y - a cursed +0 cloak (worn)
Magical devices
 a - a wand of lightning (5)
 r - a wand of magic darts (7)
Comestibles
 c - 2 meat rations
 j - 4 bread rations
 q - an orange
Scrolls
 f - a scroll of enchant weapon II
 g - 5 scrolls of remove curse
 h - 5 scrolls of identify
 i - a scroll of enchant armour {unknown}
 l - a scroll of enchant weapon I {unknown}
 m - a scroll of fog {unknown}
 p - a scroll of curse jewellery
 t - a scroll of curse weapon {unknown}
 z - a scroll of noise {unknown}
 B - a scroll of curse armour {unknown}
Jewellery
 v - a +5 ring of evasion (left hand)
Potions
 d - a potion of brilliance {unknown}
 e - a potion of speed {unknown}
 k - a potion of agility {unknown}
 o - 6 potions of curing
 s - a potion of flight {unknown}
 x - a potion of magic {unknown}
 C - a potion of restore abilities {unknown}
 D - a potion of resistance {unknown}


   Skills:
 + Level 9.3 Fighting
 - Level 10.2 Maces & Flails
 - Level 2.9 Dodging


You had 7 spell levels left.
You didn't know any spells.

Dungeon Overview and Level Annotations

Branches:
Dungeon (6/27)             Temple (1/1) D:4
    Orc: D:6-11

Altars:

Shops:
D:5 }!

Portals:
Ziggurat: D:6 (5770 gp)


Innate Abilities, Weirdness & Mutations

You are too large for most types of armour.
You have a fast metabolism.
You can tolerate rotten meat.
You have tough skin (AC +1).


Message History

The yak gores you!
* * * LOW HITPOINT WARNING * * *
Read which item? (? for menu, Esc to quit)
As you read the scroll labeled KLABBI FAPLENU, it crumbles to dust.
Your +2,+2 orcish morningstar glows red for a moment.
It was a scroll of enchant weapon II.
The yak gores you!
* * * LOW HITPOINT WARNING * * *
The yak gores you.
* * * LOW HITPOINT WARNING * * *
The yak misses you. The yak closely misses you.
Drink which item? (? for menu, Esc to quit)
You feel better. The yak closely misses you. The yak closely misses you.
The yak gores you!
* * * LOW HITPOINT WARNING * * *
Read which item? (? for menu, Esc to quit)
Identify which item? (\ to view known items) (? for menu, Esc to quit)
As you read the scroll of identify, it crumbles to dust.
p - a scroll of curse jewellery The yak misses you.
The yak closely misses you. The yak gores you!
You die...

#......###
##..))..#
##....####
##....)#
###....###
#.....##
#.....#
#...####
#...Y@Y#
##..YY.###
#.......#
####..%.######
#..%..#...##
###.......<##
##........#
#....#...##
######....###


You could see 4 yaks.

Vanquished Creatures
  2 yaks (D:6)
  A sky beast (D:6)
  An ogre (D:4)
  A jelly (D:5)
  A crimson imp (D:5)
  Crazy Yiuf (D:5)
  3 orc priests
  5 orc wizards
  2 scorpions (D:4)
  A worker ant (D:5)
  Jessica (D:3)
  A worker ant zombie (D:5)
  8 adders
  A giant mite (D:4)
  5 worms
  An adder zombie (D:5)
  2 giant eyeballs
  2 giant geckos
  An ooze (D:2)
  18 orcs
  A ball python (D:3)
  7 bats
  A bat skeleton (D:6)
  6 giant cockroaches
  7 hobgoblins
  4 jackals
  16 kobolds
  4 quokkas
  A giant gecko zombie (D:6)
  3 giant newts
  15 goblins
  A goblin skeleton (D:4)
  A jackal zombie (D:5)
  A kobold zombie (D:6)
  A quokka skeleton (D:5)
  14 rats
  A rat skeleton (D:5)
142 creatures vanquished.

Notes
Turn   | Place    | Note
--------------------------------------------------------------
     0 | D:1      | MackTheKnife, the Ogre Berserker, began the quest for the Orb.
     0 | D:1      | Reached XP level 1. HP: 23/23 MP: 0/0
   418 | D:1      | Reached XP level 2. HP: 32/32 MP: 1/1
   475 | D:1      | Reached skill level 5 in Maces & Flails
   831 | D:2      | Reached XP level 3. HP: 32/39 MP: 2/2
   834 | D:2      | Acquired Trog's second power
   937 | D:2      | Reached skill level 6 in Maces & Flails
  1314 | D:2      | Reached XP level 4. HP: 46/48 MP: 3/3
  1739 | D:3      | Reached skill level 7 in Maces & Flails
  1765 | D:3      | Reached XP level 5. HP: 7/54 MP: 4/4
  1788 | D:2      | HP: 1/54 [quokka (3)]
  2208 | D:3      | Reached skill level 8 in Maces & Flails
  2365 | D:3      | Noticed Jessica
  2370 | D:3      | Killed Jessica
  2719 | D:3      | Reached XP level 6. HP: 50/63 MP: 5/5
  3239 | D:4      | Reached skill level 9 in Maces & Flails
  3253 | D:4      | Acquired Trog's third power
  3398 | D:4      | Found a staircase to the Ecumenical Temple.
  3428 | Temple   | Entered the Ecumenical Temple
  3738 | D:4      | Reached XP level 7. HP: 48/70 MP: 6/6
  3739 | D:4      | Reached skill level 10 in Maces & Flails
  4169 | D:5      | Entered Level 5 of the Dungeon
  4347 | D:5      | Found Pnenunk's Gadget Emporium.
  4370 | D:5      | Paralysed by a giant eyeball for 3 turns
  4696 | D:5      | Found Taexaef's Distillery.
  4702 | D:5      | Bought 2 potions of curing for 56 gold pieces
  4702 | D:5      | Bought a potion of heal wounds for 42 gold pieces
  4702 | D:5      | Bought 2 potions of curing for 56 gold pieces
  4715 | D:5      | Bought a potion of confusion for 14 gold pieces
  4775 | D:5      | Reached skill level 5 in Fighting
  4859 | D:5      | Noticed Crazy Yiuf
  4868 | D:5      | Killed Crazy Yiuf
  5101 | D:6      | Found a gateway to a ziggurat.
  5303 | D:6      | Reached XP level 8. HP: 80/83 MP: 7/7
  5641 | D:6      | Paralysed by a giant eyeball for 2 turns
  5662 | D:6      | HP: 3/85 [yak (11)]
  5664 | D:6      | Slain by a yak

Action                   |  1- 3 |  4- 6 |  7- 9 || total
-------------------------+-------+-------+-------++-------
Melee: Mace              |   105 |   214 |     1 ||   320
       Morningstar       |       |       |   125 ||   125
Invok: Berserk           |       |     4 |     2 ||     6
       Trog's Hand       |       |     1 |       ||     1
Evoke: Wand              |       |       |     4 ||     4
  Use: Scroll            |       |     2 |     3 ||     5
       Potion            |       |       |     2 ||     2
 Stab: Sleeping          |       |     2 |       ||     2
